 Dungeon Crawl Stone Soup version 0.24-a0-226-gca05e9d (webtiles) character file.

Game seed: 16085689622333819747

267 Gunnerkreig the Sneak (level 6, -2/38 HPs)
             Began as an Octopode Wizard on Mar 31, 2019.
             Slain by a gnoll
             ... wielding a +0 spear
              (9 damage)
             ... on level 3 of the Dungeon.
             The game lasted 00:07:52 (3047 turns).

Gunnerkreig the Sneak (Octopode Wizard)             Turns: 3047, Time: 00:07:53

Health: -2/38      AC:  1    Str:  8    XL:     6   Next: 21%
Magic:  5/10       EV: 13    Int: 21    God:
Gold:   98         SH:  0    Dex: 10    Spells: 0/11 levels left

rFire    x . .     SeeInvis .   f - +4 hand axe (elec)
rCold    + . .     Gourm    .   (no shield)
rNeg     . . .     Faith    .   a - +0 hat
rPois    .         Spirit   .   (no amulet)
rElec    .         Reflect  .   j - ring of ice (curse)
rCorr    .         Harm     .   (no ring)
MR       .....                  (no ring)
Stlth    ++++......             (no ring)
HPRegen  0.12/turn              (no ring)
MPRegen  0.12/turn              (no ring)
                                (no ring)
                                (no ring)

@: no status effects
A: almost no armour, stealthy swim, amphibious, 8 rings, constrict 8, camouflage
1, gelatinous body 1
a: no special abilities


You were on level 3 of the Dungeon.
You were hungry.

You visited 1 branch of the dungeon, and saw 3 of its levels.

You collected 98 gold pieces.

Inventory:

Hand Weapons
 f - a +4 hand axe of electrocution (weapon)
 h - a +1 dagger of flaming
Missiles
 d - 117 stones (quivered)
 k - 21 sling bullets
Armour
 a - a +0 hat (worn)
Jewellery
 j - a cursed ring of ice (left tentacle)
Wands
 p - a wand of random effects (19)
Scrolls
 b - 3 scrolls of amnesia
 e - 3 scrolls of identify
 i - a scroll of random uselessness {unknown}
 l - a scroll of remove curse {unknown}
 m - a scroll of enchant armour {unknown}
Potions
 g - a potion of mutation
Comestibles
 c - 7 rations


   Skills:
 + Level 1.1 Fighting
 - Level 2.0 Dodging
 - Level 5.1 Stealth
 - Level 3.0 Spellcasting
 - Level 5.0 Conjurations
 - Level 1.0 Summonings
 - Level 1.0 Translocations


You couldn't memorise any spells.
You knew the following spells:

 Your Spells              Type           Power        Failure   Level  Hunger
a - Magic Dart            Conj           ###.         1%          1    None
b - Conjure Flame         Conj/Fire      ##......     14%         3    ###....
c - Mephitic Cloud        Conj/Pois/Air  ##......     21%         3    ###....
w - Call Imp              Summ           #.......     13%         2    ##.....
y - Blink                 Tloc           N/A          13%         2    ##.....

Your spell library contained the following spells:

 Spells                   Type           Power        Failure   Level  Hunger
 Slow                     Hex            #.......     21%         2    ##.....


Dungeon Overview and Level Annotations

Branches:
Dungeon (3/15)

Altars:


Innate Abilities, Weirdness & Mutations

You cannot wear most types of armour.
You are very stealthy in the water. (Stealth+)
You are amphibious.
You can wear up to eight rings at the same time.
You can use your tentacles to constrict eight enemies at once.
Your skin changes colour to match your surroundings (Stealth+).
Your rubbery body absorbs attacks. (AC +1, EV +1)


Message History

You release your grip on the gnoll.
The gnoll hits you.
You hit the gnoll.
You kill the gnoll!
You slash the gnoll! Lightning courses through the gnoll!
You kill the gnoll!
Your Fighting skill increases to level 1!
The gnoll hits you from afar with a +0 spear!
The gnoll hits you with a +0 spear!
* * * LOW HITPOINT WARNING * * *
Things that are here:
a +0 flail; a gnoll corpse You slash the gnoll!
Your grab misses the gnoll.
The gnoll is heavily wounded.
The gnoll closely misses you.
You hit the gnoll but do no damage. You grab the gnoll.
The gnoll is heavily wounded.
You constrict the gnoll, but do no damage.
The gnoll hits you with a +0 spear!
You die...

####.# ##.## #8.8#
####.##########
#8##.##8##8##8####
)..............'.#
#8##.##8##8##8##.#
####.###########.#
..#8.8#########.@#
.###.##.[....##g##
.###.##.........#
###8.8#........##
..##.##........#
..##.##........#
###8.8#>.......#
##.##........#
#'##.......##


You could see a gnoll.

Vanquished Creatures
  An orc priest (D:3)
  Ijyb (D:3)
  A worker ant (D:3)
  A hound skeleton (D:2)
  6 gnolls
  2 adders
  3 oozes
  A worm (D:2)
  A dart slug (D:1)
  6 leopard geckos
  4 orcs (D:3)
  4 giant cockroaches
  7 goblins
  5 hobgoblins
  7 jackals
  A quokka (D:2)
  4 bats
  7 frilled lizards
  11 kobolds
  7 rats
80 creatures vanquished.

Notes
Turn   | Place    | Note
-------+----------+-------------------------------------------
     0 | D:1      | Gunnerkreig the Octopode Wizard began the quest for the
                  | Orb.
     0 | D:1      | Reached XP level 1. HP: 11/11 MP: 4/4
   200 | D:1      | Reached XP level 2. HP: 17/17 MP: 4/6
   576 | D:1      | Reached XP level 3. HP: 21/21 MP: 1/7
  1099 | D:2      | Reached XP level 4. HP: 17/27 MP: 3/8
  1561 | D:2      | Reached skill level 5 in Stealth
  1711 | D:2      | Reached XP level 5. HP: 31/31 MP: 5/9
  2000 | D:3      | Noticed Ijyb
  2008 | D:3      | Killed Ijyb
  2315 | D:3      | Reached XP level 6. HP: 7/36 MP: 3/10
  2758 | D:3      | Reached skill level 5 in Conjurations
  2770 | D:3      | Learned a level 3 spell: Conjure Flame
  2774 | D:3      | Learned a level 3 spell: Mephitic Cloud
  2777 | D:3      | Learned a level 2 spell: Call Imp
  2780 | D:3      | Learned a level 2 spell: Blink
  3044 | D:3      | Reached skill level 1 in Fighting
  3047 | D:3      | Slain by a gnoll

Levels and vault maps discovered:
D:1:      ebering_trefoil_3fold, layout_basic
D:2:      layout_basic
D:3:      layout_rooms, dk_noncrumbling_2, uniq_ijyb

Skill      XL: |  1  2  3  4  5  6 |
---------------+-------------------+-----
Stealth        | 3 4 5 |  5.1
Conjurations   | 2 3 4 5 |  5.0
Fighting       | 1 |  1.1
Dodging        | |  2.0
Spellcasting   | |  3.0
Summonings     | |  1.0
Translocations | |  1.0

Action                   |  1- 3 |  4- 6 || total
-------------------------+-------+-------++-------
Melee: Hand axe          |    51 |    41 ||    92
       Constrict         |    13 |     9 ||    22
       Tentacles         |     3 |     3 ||     6
 Cast: Magic Dart        |    27 |    88 ||   115
       Conjure Flame     |       |     1 ||     1
  Use: Scroll            |     3 |     7 ||    10
       Potion            |     1 |     1 ||     2
 Stab: Sleeping          |     2 |       ||     2
       Distracted        |     1 |       ||     1
  Eat: Chunk             |     1 |     5 ||     6
Armor: Skin              |     6 |       ||     6
Dodge: Dodged            |    45 |    30 ||    75

Table legend:
 A = Non-vault XP
 B = Vault XP
 C = Vault XP percentage of total XP
 D = Non-vault monster count
 E = Vault monster count
 F = Vault count percentage of total count
                 A         B        C        D         E       F
            +---------+---------+-------+---------+---------+-------
      Total |     346 |      36 |   9.4 |      79 |       1 |   1.2
            +---------+---------+-------+---------+---------+-------
        D:1 |      61 |       0 |   0.0 |      29 |       0 |   0.0
        D:2 |     114 |       0 |   0.0 |      24 |       0 |   0.0
        D:3 |     171 |      36 |  17.4 |      26 |       1 |   3.7
            +---------+---------+-------+---------+---------+-------
